 Dungeon Crawl Stone Soup version 0.31.0 (webtiles) character file.

Game seed: 4282966227818270338

542 ces the Shooter (level 7, 0/33 HPs)
             Began as a Spriggan Hunter on Jan 20, 2024.
             Succumbed to a water moccasin's poison
             ... on level 5 of the Dungeon.
             The game lasted 00:09:23 (3907 turns).

ces the Shooter (Spriggan Hunter)                   Turns: 3907, Time: 00:09:23

Health: 0/33       AC:  2    Str:  6    XL:     7   Next: 6%
Magic:  8/8        EV: 20    Int: 15    God:
Gold:   215        SH:  0    Dex: 17    Spells: 6/6 levels left

rFire   . . .        a - +0 shortbow
rCold   . . .        (shield currently unavailable)
rNeg    . . .        c - +0 robe
rPois   .            (helmet restricted)
rElec   .            l - scarf {repulsion}
rCorr   .            (gloves unavailable)
SInv    +            (boots unavailable)
Will    +....        (no amulet)
Stlth   +++          (no ring)
HPRegen 0.25/turn    (no ring)
MPRegen 0.11/turn

%: repel missiles, clarity
@: lethally poisoned (0 -> -10), very quick
A: very small, no large weapons, unfitting armour, see invisible, speed 3,
clarity, clever 1, clumsy 1
a: no special abilities


You were on level 5 of the Dungeon.
You visited 1 branch of the dungeon, and saw 6 of its levels.

You collected 215 gold pieces.

Inventory:

Hand Weapons
 a - a +0 shortbow (weapon)
Missiles
 n - 3 throwing nets
Armour
 c - a +0 robe (worn)
 i - an orb of wrath
 l - a scarf of repulsion (worn)
Wands
 k - a wand of flame (3)
 v - a wand of charming (11)
 w - a wand of digging (9)
Scrolls
 b - a scroll of butterflies
 f - 5 scrolls of identify
 h - a scroll of teleportation {unknown}
 m - a scroll of enchant weapon {unknown}
 p - a scroll of poison {unknown}
 q - a scroll of noise {unknown}
 r - a scroll of enchant armour {unknown}
 s - a scroll of immolation {unknown}
Potions
 d - 3 potions of curing
 e - a potion of enlightenment
 g - a potion of magic
 j - 4 potions of invisibility
 o - 3 potions of lignification {unknown}
 t - a potion of heal wounds {unknown}
 u - a potion of attraction {unknown}
 x - a potion of mutation
 z - a potion of haste {unknown}
 A - a potion of degeneration {unknown}


   Skills:
 + Level 1.5 Fighting
 * Level 7.0 Ranged Weapons
 + Level 5.9 Dodging
 + Level 4.1 Stealth


You had 6 spell levels left.
You didn't know any spells.
Your spell library contained the following spells:

 Spells                   Type           Power      Damage    Failure   Level
 Call Canine Familiar     Summ           0%         N/A       63%         3
 Sigil of Binding         Hex            0%         N/A       63%         3
 Volatile Blastmotes      Fire/Tloc      0%         2d10      63%         3
 Cause Fear               Hex            0%         N/A       95%         4
 Dimensional Bullseye     Hex/Tloc       0%         N/A       95%         4
 Fulminant Prism          Conj/Alch      0%         3d5       95%         4
 Iskenderun's Mystic Bla  Conj/Tloc      0%         2d3       95%         4
 Vhi's Electric Charge    Tloc/Air       0%         N/A       95%         4
 Arcjolt                  Conj/Air       0%         1d10      100%        5
 Fireball                 Conj/Fire      0%         3d3       100%        5
 Plasma Beam              Fire/Air       0%         2x1d10    100%        6
 Dragon's Call            Summ           0%         N/A       100%        9


Dungeon Overview and Level Annotations

Branches:
Dungeon (6/15)
 Temple: D:4-7

Altars:
Ashenzari
Fedhas

Shops:
D:5 *


Innate Abilities, Weirdness & Mutations

You are very small and have problems with some larger weapons.
You are too small for most types of armour.
You have supernaturally acute eyesight. (SInv)
You cover ground extremely quickly. (Speed+++)
You possess an exceptional clarity of mind.
Your mind is acute. (Int +4, Str/Dex -1)
You are clumsy. (Dex -2)


Message History

There is a stone staircase leading down here.
The hound barely misses you. The hound attacks as it pursues you!
The hound misses you.
Aiming: Charm
Press: ? - help, Shift-Dir - straight line, f - hound
Aim: a hound (chance to affect: 57%)
The hound is charmed.
The hound is no longer charmed.
The hound misses you.
A hound is nearby!
Aiming: Throw Flame
Press: ? - help, Shift-Dir - straight line, f/p - hound
Aim: a hound (56% to hit)
The puff of flame hits the hound.
The hound is lightly wounded.
The hound misses you. The hound barely misses you.
You shoot an arrow.
The arrow hits the hound but does no damage.
The hound is lightly wounded.
The hound bites you.
You shoot an arrow. The arrow closely misses the hound.
The hound barely misses you. The hound misses you. The hound bites you.
The hound pauses to sniff the ground.
The water moccasin hisses angrily. x2
The water moccasin bites you.
You are poisoned.
The water moccasin poisons you!
You feel very sick. The water moccasin bites you.
You shoot an arrow.
The arrow barely misses the water moccasin.
* * * LOW HITPOINT WARNING * * *
You feel very sick. The water moccasin bites you.
* * * LOW HITPOINT WARNING * * *
The water moccasin misses you. The hound barely misses you.
The water moccasin barely misses you.
You shoot an arrow.
The arrow closely misses the water moccasin.
You die...

........~.≈#~~~~#.#.#.........##.
##.#...≈~..≈~.~.#.#...####...####
#.#...~.~♣~.##.#...<.# ≈~~~≈≈ #
#....##~.~.~.........####...####
##.#..###~..≈...)..............##
.....)#.~~~~~≈~#......#.........#
.....).[......#.................#
...........#...S.....[...........
......##.......h@S..............#
...........#.....#.#).#..#.<....#
....##.#..............#..###.#..#
....##...........................
....##.##########....#####...#.##
######.# #h. #..### .B##...>..
#.# .....##'##....h##.#.## #.#
...(........... #.#.# #.#
.....#####..... #.#.#


You could see 2 water moccasins and a hound.

Vanquished Creatures
  A black bear (D:3)
  2 phantoms
  A hound (D:5)
  A bombardier beetle (D:5)
  A jelly (D:4)
  An iguana (D:5)
  4 gnolls (D:3)
  6 adders
  2 ribbon worms
  A dart slug (D:1)
  6 orcs
  2 endoplasms
  2 giant cockroaches (D:1)
  7 goblins
  8 hobgoblins
  4 jackals
  4 quokkas
  9 ball pythons
  5 bats
  5 frilled lizards
  10 kobolds
  11 rats
93 creatures vanquished.

Vanquished Creatures (collateral kills)
  An orc (D:5)
1 creature vanquished.

Grand Total: 94 creatures vanquished

Notes
Turn   | Place    | Note
-------+----------+-------------------------------------------
     0 | D:1      | ces the Spriggan Hunter began the quest for the Orb.
     0 | D:1      | Reached XP level 1. HP: 10/10 MP: 2/2
   128 | D:1      | Reached XP level 2. HP: 14/14 MP: 3/3
   329 | D:1      | Reached XP level 3. HP: 18/18 MP: 4/4
  1184 | D:2      | Gained mutation: You possess an exceptional clarity of
                  | mind. [potion of mutation]
  1184 | D:2      | Gained mutation: You are frail. (-10% HP) [potion of
                  | mutation]
  1184 | D:2      | Gained mutation: Your flesh is cold resistant. (rC+)
                  | [potion of mutation]
  1185 | D:2      | Lost mutation: Your flesh is cold resistant. (rC+) [potion
                  | of mutation]
  1185 | D:2      | Lost mutation: You are frail. (-10% HP) [potion of
                  | mutation]
  1185 | D:2      | Lost mutation: You possess an exceptional clarity of mind.
                  | [potion of mutation]
  1185 | D:2      | Gained mutation: You have a pair of small horns on your
                  | head. [potion of mutation]
  1185 | D:2      | Gained mutation: You have an increased reservoir of magic.
                  | (+10% MP) [potion of mutation]
  1185 | D:2      | Gained mutation: You are clumsy. (Dex -2) [potion of
                  | mutation]
  1185 | D:2      | Gained mutation: You possess an exceptional clarity of
                  | mind. [potion of mutation]
  1186 | D:2      | Lost mutation: You have an increased reservoir of magic.
                  | (+10% MP) [potion of mutation]
  1186 | D:2      | Lost mutation: You have a pair of small horns on your head.
                  | [potion of mutation]
  1186 | D:2      | Gained mutation: Your mind is acute. (Int +4, Str/Dex -1)
                  | [potion of mutation]
  1230 | D:2      | Reached skill level 5 in Ranged Weapons
  1410 | D:2      | Reached XP level 4. HP: 15/22 MP: 5/5
  1757 | D:3      | Noticed a black bear
  1847 | D:3      | Found a broken altar of Ashenzari.
  1855 | D:3      | Found a blossoming altar of Fedhas.
  2056 | D:3      | Killed a black bear
  2057 | D:3      | Reached skill level 6 in Ranged Weapons
  2057 | D:3      | Reached XP level 5. HP: 18/25 MP: 6/6
  2181 | D:3      | Reached skill level 5 in Dodging
  2769 | D:4      | Reached XP level 6. HP: 30/30 MP: 7/7
  3066 | D:5      | Entered Level 5 of the Dungeon
  3364 | D:5      | Reached skill level 7 in Ranged Weapons
  3364 | D:5      | Reached XP level 7. HP: 18/33 MP: 8/8
  3739 | D:5      | Found Palul's Serpentskin Sales.
  3797 | D:6      | Noticed a kobold demonologist
  3906 | D:5      | HP: 1/33 [water moccasin (6)]
  3907 | D:5      | Succumbed to a water moccasin's poison

Illustrated notes

Levels and vault maps discovered:
D:1:      pf_arrival_petrified_forest, layout_basic, st_stairs_2
D:2:      layout_basic, roderic_serpentine_path
D:3:      layout_rooms, nicolae_overflow_squiral, hex_intersection,
          dk_noncrumbling_2, minmay_misc_feat_plants
D:4:      layout_rooms, nicolae_figureground_pulse
D:5:      minmay_octagon_keep, layout_basic, serial_rivers,
          chequers_serial_rivers_marsh, chequers_serial_rivers_small_3,
          chequers_serial_rivers_micro_a, chequers_serial_rivers_room_b,
          guppyfry_shop_venom
D:6:      layout_rooms, lemuel_crystal_altar, minmay_temple_entry_offerings,
          nicolae_shop_overcharged_wands

Skill      XL: |  1  2  3  4  5  6 |
---------------+-------------------+-----
Dodging        | 3 4 5 |  5.9
Ranged Weapons | 5 6 7 |  7.0
Stealth        | 2 4 |  4.1
Fighting       | |  1.5

Action                     |  1- 3 |  4- 6 |  7- 9 || total
---------------------------+-------+-------+-------++-------
   Fire: Shortbow          |   169 |   177 |    25 ||   371
  Evoke: Wand              |     2 |       |     3 ||     5
    Use: Scroll            |     5 |       |       ||     5
         Potion            |     3 |       |     1 ||     4
 Armour: Robe              |    18 |    34 |    11 ||    63
  Dodge: Dodged            |    60 |    55 |    27 ||   142
         Repelled          |       |     3 |       ||     3
